 Dungeon Crawl Stone Soup version 0.25.0-26-g0c896c7088 (webtiles) character file.

Game seed: 2710728135882934345

88 Exodus22XD the Poker (level 4, -7/34 HPs)
             Began as a Demonspawn Gladiator on July 4, 2020.
             Killed by divine providence
             ... invoked by an orc priest
              (14 damage)
             ... on level 2 of the Dungeon.
             The game lasted 00:01:01 (1920 turns).

Exodus22XD the Poker (Demonspawn Gladiator)         Turns: 1920, Time: 00:01:02

Health: -7/34      AC:  8    Str: 15    XL:     4   Next: 30%
Magic:  0/4        EV: 12    Int:  9    God:
Gold:   80         SH:  0    Dex: 15    Spells: 3/3 levels left

rFire    . . .     SeeInvis .   a - +0 trident
rCold    . . .     Gourm    .   (no shield)
rNeg     . . .     Faith    .   i - +0 ring mail
rPois    .         Spirit   +   c - +0 helmet
rElec    .         Reflect  .   (no cloak)
rCorr    .         Harm     .   (no gloves)
MR       .....                  (no boots)
Stlth    +.........             (no amulet)
HPRegen  0.11/turn              (no ring)
MPRegen  0.09/turn              (no ring)

@: no status effects
A: thin metallic scales 1, magic shield
a: no special abilities


You were on level 2 of the Dungeon.
You were not hungry.

You visited 1 branch of the dungeon, and saw 2 of its levels.

You collected 80 gold pieces.

Inventory:

Hand Weapons
 a - a +0 trident (weapon)
Missiles
 d - 3 throwing nets (quivered)
Armour
 b - a +0 leather armour
 c - a +0 helmet (worn)
 i - a +0 ring mail (worn)
Jewellery
 g - a cursed ring of attention {unknown}
Scrolls
 e - a scroll of immolation {unknown}
 h - 2 scrolls of identify {unknown}
 k - a scroll of enchant armour {unknown}
 l - 2 scrolls of remove curse {unknown}
 m - a scroll of blinking {unknown}
Potions
 j - a potion of degeneration {unknown}
 n - 3 potions of lignification {unknown}
 o - a potion of mutation {unknown}
 p - 2 potions of stabbing {unknown}
Comestibles
 f - 3 rations
 q - 5 chunks of flesh


   Skills:
 + Level 2.4 Fighting
 + Level 3.8 Polearms
 + Level 1.8 Throwing
 + Level 1.0 Armour
 + Level 3.1 Dodging
 + Level 0.2 Stealth


You had 3 spell levels left.
You didn't know any spells.
Your spell library was empty.

Dungeon Overview and Level Annotations

Branches:
Dungeon (2/15)

Altars:


Innate Abilities, Weirdness & Mutations

You are partially covered in thin metallic scales. (AC +2)
When hurt, damage is shared between your health and your magic reserves.


Message History

You hit the orc.
The orc is moderately wounded.
The orc priest calls upon Beogh to heal the orc.
The orc's wounds heal themselves!
The orc misses you.
You closely miss the orc. The orc hits you with a +0 hand axe.
You barely miss the orc. The orc closely misses you.
You barely miss the orc. The orc closely misses you.
You barely miss the orc. The orc closely misses you.
You closely miss the orc. The orc misses you.
You hit the orc.
The orc is severely wounded.
The orc hits you with a +0 hand axe.
You puncture the orc!
You kill the orc!
The orc priest calls down the wrath of Beogh upon you.
Beogh smites you!
* * * LOW HITPOINT WARNING * * *
The orc priest calls down the wrath of Beogh upon you.
Beogh smites you!
You die...

#.#.#.).#.#########.#######.#....
...........................>#.#..
#.......#.................#.#.###
#.#...#.###########.###...#.#....
#..........(..##..........#.#####
....#.#.#####.##.##.#..<..#.#
.####.#.....#....##.#.#...#.# .#
#.#.###.#######.#.###.#.# ##
#.#.<#....oo@...#.....#.# #
#....#..###############'####
#######.## #......# .........#
#......# .######..# #......# ...#
#..# #......# .#.####..# ###)####
.........# ###############'#####
...###...# ##....................


You could see an orc priest and an orc.

Vanquished Creatures
  A worker ant (D:2)
  3 adders (D:2)
  A leopard gecko (D:1)
  2 orcs (D:2)
  A ball python (D:2)
  A giant cockroach (D:2)
  2 goblins (D:1)
  7 hobgoblins
  4 jackals
  A quokka (D:2)
  3 bats (D:1)
  A frilled lizard (D:1)
  3 kobolds (D:1)
  3 rats
33 creatures vanquished.

Notes
Turn   | Place    | Note
-------+----------+-------------------------------------------
     0 | D:1      | Exodus22XD the Demonspawn Gladiator began the quest for the
                  | Orb.
     0 | D:1      | Reached XP level 1. HP: 16/16 MP: 1/1
   193 | D:1      | Gained mutation: When hurt, damage is shared between your
                  | health and your magic reserves. [demonic ancestry]
   193 | D:1      | Reached XP level 2. HP: 18/22 MP: 2/2
   904 | D:2      | Gained mutation: You are partially covered in thin metallic
                  | scales. (AC +2) [demonic ancestry]
   904 | D:2      | Reached XP level 3. HP: 24/27 MP: 3/3
  1459 | D:2      | Reached XP level 4. HP: 33/34 MP: 4/4
  1499 | D:2      | Reached skill level 1 in Armour
  1777 | D:2      | Found a faded altar of an unknown god.
  1920 | D:2      | Killed from afar by an orc priest

Illustrated notes

Levels and vault maps discovered:
D:1:      minmay_arrival_arboretum_small, layout_basic
D:2:      layout_basic, chequers_ecumenical_altar_grove, uniq_sigmund

Skill      XL: |  1  2  3  4 |
---------------+-------------+-----
Polearms       | 3 |  3.8
Dodging        | 3 |  3.1
Armour         | 1 |  1.0
Fighting       | |  2.4
Throwing       | |  1.8
Stealth        | |  0.2

Action                   |  1- 3 |  4- 6 || total
-------------------------+-------+-------++-------
Melee: Trident           |    98 |    28 ||   126
  Eat: Chunk             |     2 |     1 ||     3
Armor: Leather armour    |    14 |       ||    14
       Ring mail         |    12 |     8 ||    20
Dodge: Dodged            |    51 |    13 ||    64
